Map: Frozen Temple

Players

LavaTi

  • Race: Zerg Zerg
  • League: Gold

capac - Winner!

  • Race: Terran Terran
  • League: Gold

VOD

Have the link to the VOD?

Description

Time

  • Played on: April 30, 2016, 5:32 a.m.
  • Length: 19:39
Show
View Real Time Build Order
Export as new Build Order

LavaTi Zerg 

Build Orders: Hatch First 

Get SALT Encoding   

  12  0:01  Drone  
  13  0:16  Overlord  
  13  0:20  Drone  
  14  0:34  Drone  
  15  0:35  Drone  
  15  0:40  Drone  
  17  0:57  Hatchery  
  17  0:59  Drone  
  17  1:00  Drone  
  17  1:04  Extractor  
  17  1:16  Spawning Pool  
  16  1:18  Drone  
  16  1:22  Drone  
  18  1:32  Drone  
  19  1:42  Drone  
  20  1:53  Overlord  
  20  2:05  Queen  
  22  2:08  Metabolic Boost  
  22  2:11  Queen  
  22  2:13  Zergling x4  
  26  2:17  Drone  
  26  2:22  Drone  
  28  2:26  Zergling x2  
  29  2:38  Drone  
  29  2:39  Overlord  
  30  2:48  Overlord  
  30  3:08  Drone x2  
  30  3:09  Drone x3  
  30  3:11  Lair  
  35  3:14  Drone  
  35  3:19  Drone  
  37  3:28  Drone x3  
  37  3:31  Drone x3  
  43  3:36  Drone  
  44  3:48  Queen  
  44  3:50  Overlord x2  
  44  3:51  Drone  
  44  3:55  Extractor  
  46  3:56  Extractor  
  46  3:58  Evolution Chamber  
  46  4:00  Evolution Chamber  
  43  4:07  Zergling x2  
  44  4:13  Baneling Nest  
  44  4:14  Extractor  
  43  4:21  Drone x2  
  43  4:22  Drone  
  46  4:25  Zergling x8  
  50  4:34  Spore Crawler  
  49  4:39  Overseer  
  49  4:43  Overlord x2  
  49  4:44  Overlord x2  
  49  4:57  Baneling  
  49  5:00  Centrifical Hooks  
  49  5:02  Baneling x2  
  49  5:03  Baneling x2  
  49  5:08  Overlord  
  49  5:09  Drone x2  
  49  5:10  Drone x3  
  54  5:14  Hatchery  
  54  5:17  Drone  
  53  5:37  Zerg Ground Armor Level 1, Zerg Melee Weapons Level 1  
  53  5:39  Zergling x2  
  53  5:40  Zergling x10  
  59  5:54  Drone x2  
  59  5:55  Spire, Drone x4  
  64  6:01  Baneling x3  
  64  6:10  Drone  
  65  6:14  Extractor  
  65  6:15  Drone x3  
  65  6:18  Drone x2  
  69  6:20  Drone  
  70  6:27  Drone x5  
  75  6:48  Overlord x2  
  75  6:49  Queen, Overlord  
  75  6:50  Zergling x8  
  75  6:51  Zergling x4  
  83  7:03  Hatchery  
  82  7:10  Extractor x2  
  82  7:12  Drone x3  
  82  7:13  Drone x2  
  82  7:14  Drone  
  86  7:26  Drone  
  86  7:28  Zerg Flyer Weapons Level 1  
  86  7:29  Corruptor  
  87  7:30  Corruptor x5  
  99  7:42  Infestation Pit  
  99  7:43  Overlord x2  
  99  7:44  Overlord x2  
  98  7:47  Drone x3  
  101  7:53  Overseer  
  101  8:05  Queen  
  101  8:07  Zerg Melee Weapons Level 2, Zerg Ground Armor Level 2  
  103  8:16  Zergling x12  
  103  8:17  Zergling x10  
  114  8:50  Hive  
  114  8:58  Drone x3  
  114  8:59  Drone  
  114  9:00  Drone  
  119  9:05  Zergling x2  
  119  9:06  Zergling x22  
  131  9:14  Zergling x2  
  131  9:15  Zergling x6  
  135  9:17  Overlord  
  135  9:18  Overlord  
  135  9:20  Overlord x2  
  135  9:33  Zergling x14  
  135  9:34  Zergling x4  
  144  9:38  Overlord x2  
  144  9:39  Overlord  
  144  9:40  Drone  
  145  10:02  Adrenal Glands  
  141  10:27  Corruptor x2  
  141  10:28  Corruptor x4  
  148  10:40  Hatchery  
  147  10:54  Zerg Melee Weapons Level 3, Zerg Ground Armor Level 3  
  147  11:04  Overseer x4  
  147  11:06  Pneumatized Carapace  
  147  11:11  Queen x2  
  151  11:51  Ultralisk Cavern  
  151  11:54  Queen  
  151  12:12  Greater Spire  
  151  12:16  Zergling x2  
  151  12:17  Zergling x16  
  151  12:18  Zergling x24  
  151  12:19  Zergling x14  
  179  12:38  Drone  
  179  12:41  Zergling x14  
  179  12:42  Zergling x24  
  199  12:56  Overseer  
  199  13:30  Chitinous Plating  
  178  14:10  Brood Lord  
  178  14:11  Brood Lord x10  
  200  14:46  Hatchery  
  115  15:15  Ultralisk  
  115  15:16  Ultralisk x9  
  163  15:30  Corruptor x2  
  159  15:48  Viper x5  
  136  16:00  Overlord x3  
  136  16:16  Ultralisk  
  117  16:42  Viper  
  116  17:07  Hatchery  
  96  17:42  Hatchery  
Show
View Real Time Build Order
Export as new Build Order

capac Terran - Winner!

Build Orders: Reaper Expand, MMM Bio 

Get SALT Encoding   

  12  0:00  SCV  
  13  0:16  Supply Depot  
  13  0:17  SCV  
  14  0:29  SCV  
  15  0:40  Barracks  
  15  0:41  SCV  
  16  0:45  Refinery  
  16  0:54  SCV  
  17  1:06  SCV  
  18  1:18  SCV  
  19  1:28  Reaper  
  19  1:30  Orbital Command  
  20  1:43  Command Center  
  20  1:59  SCV  
  20  2:00  Marine  
  22  2:04  Supply Depot  
  22  2:11  Factory  
  22  2:16  SCV  
  23  2:23  Barracks Reactor  
  23  2:25  Barracks  
  23  2:48  SCV  
  24  2:56  Engineering Bay  
  24  2:58  Refinery, Factory Tech Lab  
  24  3:00  SCV  
  24  3:03  Marine x2  
  27  3:11  Starport  
  27  3:12  SCV  
  29  3:19  Orbital Command  
  28  3:24  SCV  
  29  3:31  Marine x2  
  29  3:32  Marine  
  32  3:36  SCV  
  33  3:49  SCV  
  33  3:52  Medivac  
  36  4:01  Barracks Tech Lab  
  36  4:08  SCV x2  
  36  4:09  Marine  
  38  4:10  Marine  
  40  4:19  Siege Tank  
  43  4:24  Supply Depot  
  43  4:37  Barracks x2  
  43  4:40  SCV x2  
  45  4:46  Starport Reactor  
  45  4:48  Marine x3  
  45  4:52  SCV x2  
  50  4:54  Stimpack  
  50  4:59  Supply Depot  
  50  5:11  SCV x2  
  52  5:23  SCV  
  52  5:24  SCV  
  54  5:28  Marine  
  54  5:29  Marine x2  
  54  5:31  Barracks Tech Lab x2  
  57  5:37  Terran Infantry Weapons Level 1  
  57  5:38  Supply Depot  
  57  5:40  Supply Depot  
  57  5:41  Supply Depot  
  57  5:46  Marine  
  58  5:57  Medivac  
  58  5:58  Medivac  
  58  6:01  Marine, Siege Tank  
  58  6:02  Marine  
  58  6:03  Missile Turret  
  67  6:11  Marine  
  68  6:12  Marine  
  68  6:13  SCV x2  
  68  6:15  Supply Depot  
  71  6:19  Armory  
  71  6:23  Engineering Bay  
  71  6:24  Refinery x2  
  71  6:25  SCV x2  
  71  6:30  Marine x2  
  76  6:33  Barracks Reactor  
  76  6:37  SCV  
  76  6:38  SCV  
  76  6:48  Bunker  
  76  6:49  Bunker  
  76  6:50  SCV x2  
  76  6:52  Marine x2  
  82  6:56  Marauder, Combat Shields  
  82  7:00  Supply Depot  
  82  7:01  Terran Infantry Armor Level 1  
  82  7:12  Marine x4  
  86  7:30  Medivac x2  
  86  7:34  Marine x2  
  86  7:35  Marine x2  
  86  7:36  Marauder  
  98  7:37  Marauder  
  98  7:41  Terran Infantry Weapons Level 2  
  98  7:45  Supply Depot  
  98  7:46  SCV x2  
  100  7:52  Marine  
  101  8:00  Command Center  
  101  8:03  Barracks  
  101  8:10  Liberator  
  101  8:17  Marine  
  101  8:18  Marine x3  
  101  8:19  Marauder x2  
  109  8:24  Supply Depot  
  109  8:31  Missile Turret  
  112  8:41  Marine x2  
  112  8:42  Marine x2  
  112  8:43  Marauder, Missile Turret  
  118  8:50  Fusion Core  
  118  8:56  Starport  
  118  8:58  Liberator x2  
  118  9:04  Sensor Tower  
  118  9:09  Barracks Reactor  
  118  9:10  Concussive Shells  
  124  9:25  Marine x4  
  124  9:26  Marauder x2  
  132  9:34  Terran Infantry Armor Level 2  
  132  9:46  Liberator  
  132  10:01  Advanced Ballistics  
  135  10:10  Refinery  
  135  10:11  Refinery  
  133  10:26  Planetary Fortress  
  133  10:32  Refinery  
  133  10:33  Refinery  
  133  10:38  Marine x6  
  133  10:39  Marauder  
  133  10:41  Supply Depot  
  141  10:43  Supply Depot  
  141  10:51  Starport  
  141  10:54  Terran Infantry Weapons Level 3  
  141  10:58  Supply Depot, Liberator  
  141  11:03  Marauder  
  141  11:04  SCV x2  
  145  11:07  SCV  
  146  11:11  Supply Depot  
  146  11:12  Supply Depot  
  146  11:16  SCV x2  
  151  11:29  Marauder x2  
  155  11:32  Supply Depot  
  155  11:35  Starport Reactor  
  155  11:45  Factory  
  155  11:53  Supply Depot  
  155  11:54  Terran Infantry Armor Level 3, Supply Depot  
  155  11:58  SCV  
  155  11:59  SCV x2  
  155  12:01  Liberator x2  
  162  12:15  Marauder x2  
  168  12:44  Starport Reactor  
  168  12:47  Liberator x4  
  168  13:01  Marine x2  
  168  13:02  Marine x4  
  168  13:03  Marauder  
  188  13:08  Liberator x2  
  194  13:36  Hi-Sec Auto Tracking  
  194  13:45  Command Center  
  179  14:20  Medivac x3  
  185  14:36  Marauder x2  
  189  14:57  Marauder x2  
  185  15:13  Marine  
  139  15:14  Marine x5  
  139  15:18  Marine x2  
  133  15:31  Marine  
  133  15:32  Marine x4  
  131  15:36  Marine x2  
  131  15:39  Marine  
  126  15:50  Marine x4  
  126  15:54  Marauder, Marine  
  126  15:57  Marine  
  127  16:07  Marine x3  
  127  16:08  Marine  
  131  16:11  Marine  
  131  16:15  Marine  
  111  16:33  Marine  
Tags
 
Add a new tag
Caveats
  • Supply blocks, unpowered buildings, or Contaminate may cause inaccurate times.
  • Supply counts are checked every 10 seconds.